 Dungeon Crawl Stone Soup version 0.30.1-4-g462c640d31 (webtiles) character file.

Game seed: 13859307426027612222

23079 EWolf27 the Geomancer (level 13, -5/72 HPs)
             Began as a Gargoyle Earth Elementalist on Aug 10, 2023.
             Was an Elder of the Shining One.
             Slain by Rupert
             ... wielding a +1 battleaxe of freezing
              (34 damage)
             ... on level 13 of the Dungeon.
             The game lasted 01:19:26 (21117 turns).

EWolf27 the Geomancer (GrEE)                       Turns: 21117, Time: 01:19:27

Health: -5/72      AC: 39    Str: 22    XL:     13   Next: 4%
Magic:  11/25      EV:  7    Int: 20    God:    the Shining One [****..]
Gold:   287        SH:  5    Dex: 13    Spells: 25/29 levels left

rFire   . . .        a - +1 whip (protect)
rCold   + . .        (no shield)
rNeg    + + +        j - +9 plate armour "Jiamaqi" {+Blink}
rPois   ∞            t - +0 helmet
rElec   +            C - +2 cloak
rCorr   .            f - +0 pair of gloves
SInv    .            (no boots)
Will    .....        F - amulet of reflection Stlth
                     B - ring of Zirunaur {Wiz Contam rC+ Str+3}
HPRegen 0.32/turn    p - ring "Jihepsom" {Str+6 Dex+3}
MPRegen 0.19/turn

%: reflection, wizardry (x1)
@: glowing
A: sickness immunity, AC +9, negative energy resistance 1, electricity
resistance, torment resistance 1, petrification resistance
a: Renounce Religion, Evoke Blink, Divine Shield, Cleansing Flame


You were on level 13 of the Dungeon.
You worshipped the Shining One.
The Shining One was greatly pleased with you.
You visited 2 branches of the dungeon, and saw 15 of its levels.
You also visited: Bailey.

You collected 932 gold pieces.
You spent 645 gold pieces at shops.

Inventory:

Hand Weapons
 a - a +1 whip of protection (weapon)
 b - a +0 dagger of electrocution
Missiles
 n - 14 javelins (quivered)
Armour
 e - a +0 tower shield
 f - a +0 pair of gloves (worn)
 j - the +9 plate armour "Jiamaqi" (worn) {+Blink}
   (You found it on level 13 of the Dungeon)

   +Blink:    It lets you blink.
 t - a +0 helmet (worn)
 C - a +2 cloak (worn)
 H - a +1 robe of the Archmagi
Magical Staves
 K - the staff of earth "Unye" {rCorr}
   (You found it on level 9 of the Dungeon)

   [staff of earth]

   Base accuracy: +5 Base damage: 5 Base attack delay: 1.2 This weapon's minimum
   attack delay (0.6) is reached at skill level 12.
   rCorr:     It protects you from acid and corrosion.
   It falls into the 'Staves' category.
   It is a one-handed weapon.
Jewellery
 p - the ring "Jihepsom" (right hand) {Str+6 Dex+3}
   (You acquired it on level 9 of the Dungeon)

   [ring of strength]

   Str:       It affects your strength (+6).
   Dex:       It affects your dexterity (+3).
 w - an amulet of regeneration
 B - the ring of Zirunaur (left hand) {Wiz Contam rC+ Str+3}
   (You acquired it on level 11 of the Dungeon)

   [ring of wizardry]

   It improves your spell success rate.
   Str:       It affects your strength (+3).
   rC:        It protects you from cold.
   Contam:    It causes magical contamination when unequipped.
 F - an amulet of reflection (around neck)
 G - a +4 ring of protection
Wands
 l - a wand of flame (34)
 q - a wand of digging (16)
 s - a wand of paralysis (8)
 E - a wand of polymorph (8)
Scrolls
 g - a scroll of enchant armour
 m - 4 scrolls of teleportation
 r - 4 scrolls of fear
 x - 2 scrolls of summoning
 J - 3 scrolls of enchant weapon
Potions
 c - a potion of heal wounds
 d - a potion of brilliance
 h - 4 potions of curing
 i - 2 potions of lignification
 k - 5 potions of flight
 o - a potion of resistance
 u - 5 potions of might
 v - 3 potions of haste
 z - a potion of mutation
 I - a potion of experience {unknown}
 L - 2 potions of magic
 M - a potion of berserk rage {unknown}
 N - a potion of invisibility {unknown}
 O - a potion of ambrosia {unknown}


   Skills:
 + Level 5.1 Fighting
 * Level 9.6 Maces & Flails
 * Level 10.2 Armour
 - Level 1.8 Dodging
 - Level 2.1 Stealth
 - Level 3.8 Shields
 + Level 8.7 Spellcasting
 - Level 8.6 Conjurations
 - Level 0.7 Transmutations
 * Level 11.9 Earth Magic
 * Level 4.0 Invocations


You had 25 spell levels left.
You knew the following spells:

 Your Spells              Type           Power      Damage    Failure   Level
a - Sandblast             Erth           100%       2d20      1%          1
b - Stone Arrow           Conj/Erth      98%        3d13      1%          3

Your spell library contained the following spells:

 Spells                   Type           Power      Damage    Failure   Level
 Passwall                 Tmut/Erth      28%        N/A       4%          2
 Petrify                  Tmut/Erth      34%        N/A       30%         4
 Animate Dead             Necr           8%         N/A       98%         4
 Haunt                    Necr/Summ      4%         N/A       100%        7
 Infestation              Necr           4%         N/A       100%        8


Dungeon Overview and Level Annotations

Branches:
Dungeon (14/15)            Temple (1/1) D:5            Lair (0/5) D:9
    Orc (0/2) D:12         Bailey (visited)
 Vaults: D:13-14

Altars:
Ashenzari
Cheibriados
Dithmenos
Elyvilon
Fedhas
Gozag
Hepliaklqana
Kikubaaqudgha
Makhleb
Nemelex Xobeh
Okawaru
Qazlal
Ru
Sif Muna
Trog
Uskayaw
Vehumet
Wu Jian
Xom
Yredelemnul
Zin
The Shining One

Shops:
D:1 *   D:4 =   D:6 [   D:11 ?*[(

Annotations:
D:13 Rupert


Innate Abilities, Weirdness & Mutations

You are immune to sickness and miasma.
Your stone body is resilient. (AC +9)
You are immune to poison.
You resist negative energy. (rN+)
You are resistant to electric shocks. (rElec)
You are resistant to unholy torment.
You are immune to petrification.


Message History

Press: ? - help, Shift-Dir - straight line, f - Rupert
Aim: Rupert, wielding a +1 battleaxe of freezing and wearing a +0 chain mail (moderately wounded, berserk, haloed, 87% to hit)
The stone arrow hits Rupert!!
Rupert is heavily wounded.
Rupert hits you but does no damage.
Casting: Stone Arrow (safe; 1% risk of failure)
Confirm with . or Enter, or press ? or * to list all spells.
Aiming: Stone Arrow (safe; 1% risk of failure)
Press: ? - help, Shift-Dir - straight line, f/p - Rupert
Aim: Rupert, wielding a +1 battleaxe of freezing and wearing a +0 chain mail (heavily wounded, berserk, haloed, 87% to hit)
The stone arrow hits Rupert!!
Rupert is heavily wounded.
You block Rupert's attack. Rupert hits you but does no damage.
Casting: Stone Arrow (safe; 1% risk of failure)
Confirm with . or Enter, or press ? or * to list all spells.
Aiming: Stone Arrow (safe; 1% risk of failure)
Press: ? - help, Shift-Dir - straight line, f/p - Rupert
Aim: Rupert, wielding a +1 battleaxe of freezing and wearing a +0 chain mail (heavily wounded, berserk, haloed, 87% to hit)
The stone arrow misses Rupert.
Rupert hits you but does no damage.
Unknown command.
Casting: Stone Arrow (safe; 1% risk of failure)
Confirm with . or Enter, or press ? or * to list all spells.
Aiming: Stone Arrow (safe; 1% risk of failure)
Press: ? - help, Shift-Dir - straight line, f/p - Rupert
Aim: Rupert, wielding a +1 battleaxe of freezing and wearing a +0 chain mail (heavily wounded, berserk, haloed, 87% to hit)
The stone arrow hits Rupert!!
Rupert is severely wounded.
Rupert hits you with a +1 battleaxe of freezing!
Rupert freezes you.
Rupert hits you with a +1 battleaxe of freezing!!
Rupert freezes you.
Casting: Stone Arrow (safe; 1% risk of failure)
Confirm with . or Enter, or press ? or * to list all spells.
Aiming: Stone Arrow (safe; 1% risk of failure)
Press: ? - help, Shift-Dir - straight line, f/p - Rupert
Aim: Rupert, wielding a +1 battleaxe of freezing and wearing a +0 chain mail (severely wounded, berserk, haloed, 87% to hit)
The stone arrow hits Rupert!!
Rupert is almost dead.
Rupert hits you with a +1 battleaxe of freezing!!
You die...

##..###........##
#............##
##.##.........#
##.##..........#
##.##...........#
#.##.........#..#
####.......###..#
#...@...## #..#
#..@.#### ##.##
###### #..# #..#
####


You could see Rupert (berserk).

Vanquished Creatures
  An orc warlord (D:9)
  An entropy weaver (shapeshifter) (D:10)
  3 centaur warriors
  A two-headed ogre (D:10)
  A boulder beetle (D:10)
  2 tengu warriors
  A skeletal warrior (D:14)
  Pikel (D:5)
  A deep elf pyromancer (D:12)
  3 ugly things
  3 manticores
  2 cyclopes
  An unseen horror (D:11)
  A freezing wraith (D:10)
  A komodo dragon (D:11)
  2 tengu conjurers
  5 trolls
  Grinder (D:6)
  A hornet (D:8)
  2 slime creatures
  A shadow (D:12)
  2 wraiths
  6 yaks (D:9)
  A wyvern (D:9)
  2 redbacks (D:13)
  3 steam dragons
  18 vampire mosquitoes
  Menkaure (D:7)
  3 acid dragons
  2 water moccasins (D:5)
  A swamp drake (D:12)
  A black bear (D:6)
  3 hornet zombies (D:6)
  An ice beast (D:6)
  14 orc warriors
  A tengu (shapeshifter) (D:10)
  An ogre (D:12)
  8 centaurs
  A lemure (D:4)
  3 phantoms
  A kobold brigand (D:6)
  Blork the orc (D:5)
  2 bullfrogs
  A scorpion (D:6)
  4 howler monkeys
  3 electric eels (D:9)
  5 bullfrog zombies (D:6)
  4 centaur zombies (D:6)
  5 hounds
  A jelly (D:6)
  8 orc priests
  Crazy Yiuf (D:5)
  A bullfrog skeleton (D:6)
  2 sleepcaps
  Terence (D:2)
  14 orc wizards
  2 iguanas
  A killer bee zombie (D:6)
  10 adders
  10 gnolls
  A howler monkey skeleton (D:6)
  A shadow imp (D:8)
  A white imp (D:7)
  A worm (D:5)
  2 dart slugs (D:1)
  56 orcs
  11 endoplasms
  2 giant cockroaches
  17 goblins
  12 hobgoblins
  2 jackals
  3 quokkas
  2 ball pythons
  A bat (D:3)
  3 frilled lizards
  11 kobolds
  4 rats
314 creatures vanquished.

Notes
Turn   | Place    | Note
-------+----------+-------------------------------------------
     0 | D:1      | EWolf27 the Gargoyle Earth Elementalist began the quest for
                  | the Orb.
     0 | D:1      | Reached XP level 1. HP: 10/10 MP: 3/3
   255 | D:1      | Reached skill level 4 in Earth Magic
   372 | D:1      | Reached XP level 2. HP: 15/15 MP: 5/5
   771 | D:1      | Found Kirecy's General Store.
   847 | D:1      | Reached XP level 3. HP: 11/19 MP: 2/6
   894 | D:1      | Learned a level 3 spell: Stone Arrow
  1184 | D:2      | Reached skill level 1 in Armour
  1184 | D:2      | Reached XP level 4. HP: 24/24 MP: 5/7
  1206 | D:2      | Found a faded altar of an unknown god.
  1258 | D:2      | Reached skill level 1 in Conjurations
  1402 | D:2      | Reached skill level 5 in Earth Magic
  1457 | D:1      | Bought a scroll of identify for 26 gold pieces
  1498 | D:2      | Noticed Terence
  1512 | D:2      | Killed Terence
  1513 | D:2      | Reached XP level 5. HP: 17/28 MP: 1/9
  3384 | D:4      | Noticed a phantom
  3406 | D:4      | Killed a phantom
  3407 | D:4      | Reached XP level 6. HP: 14/33 MP: 0/11
  3512 | D:4      | Found Suhoyfro's Jewellery Shoppe.
  4186 | D:5      | Entered Level 5 of the Dungeon
  4335 | D:5      | Reached skill level 6 in Earth Magic
  4596 | D:5      | Found a staircase to the Ecumenical Temple.
  4600 | D:5      | Noticed Pikel
  5119 | D:5      | Reached XP level 7. HP: 37/37 MP: 9/12
  5264 | D:5      | Noticed Blork the orc
  5269 | D:5      | Killed Blork the orc
  5270 | D:5      | Reached skill level 1 in Fighting
  5379 | D:5      | Killed Pikel
  5380 | D:5      | Reached skill level 5 in Spellcasting
  5380 | D:5      | Reached skill level 7 in Earth Magic
  5380 | D:5      | Reached XP level 8. HP: 17/44 MP: 1/15
  5696 | D:5      | Found a runed translucent door.
  5697 | D:5      | Noticed Crazy Yiuf
  5725 | Temple   | Entered the Ecumenical Temple
  6091 | Temple   | Became a worshipper of the Shining One
  6453 | D:5      | Killed Crazy Yiuf
  6551 | D:6      | Reached skill level 1 in Maces & Flails
  7366 | D:6      | Reached skill level 8 in Earth Magic
  7366 | D:6      | Reached XP level 9. HP: 37/48 MP: 10/17
  7522 | D:6      | Noticed Grinder
  7530 | D:6      | Killed Grinder
  7815 | D:6      | Reached skill level 5 in Conjurations
  7822 | D:6      | Reached * piety under the Shining One
  8154 | D:6      | Reached skill level 5 in Armour
  8327 | D:6      | Found an iron altar of Okawaru.
  8495 | D:4      | Bought an amulet of reflection for 390 gold pieces
  9148 | D:6      | Found Jeism's Antique Armour Shoppe.
 10244 | D:7      | Noticed Menkaure
 10246 | D:7      | Killed Menkaure
 10247 | D:7      | Reached skill level 9 in Earth Magic
 10982 | D:8      | Noticed a hornet
 10986 | D:8      | Killed a hornet
 10987 | D:8      | Reached XP level 10. HP: 55/55 MP: 10/20
 11431 | D:8      | Identified the +8 morningstar of Vaemy {drain, Will++}
 11512 | D:8      | Reached ** piety under the Shining One
 11662 | D:9      | Identified a scroll of acquirement
 11662 | D:9      | Acquired the ring "Jihepsom" {Str+6 Dex+3}
 11889 | D:9      | Reached skill level 5 in Maces & Flails
 11889 | D:9      | Reached skill level 1 in Shields
 11903 | D:9      | Found a staircase to the Lair.
 12011 | D:9      | Found a flagged portal.
 12178 | Bailey   | Entered a bailey
 13079 | Bailey   | Noticed an orc warlord
 13423 | D:9      | Identified the staff of earth "Unye" {rCorr}
 13665 | D:9      | Reached XP level 11. HP: 45/60 MP: 5/22
 14014 | D:9      | Killed an orc warlord
 14393 | D:10     | Entered Level 10 of the Dungeon
 14510 | D:10     | Noticed a two-headed ogre
 14520 | D:10     | Killed a two-headed ogre
 14521 | D:10     | Reached skill level 10 in Earth Magic
 14809 | D:10     | You fall into a shaft and drop 3 floors!
 14814 | D:13     | Noticed a cyan ugly thing
 14836 | D:13     | Killed a cyan ugly thing
 14878 | D:13     | Noticed a tengu warrior
 14903 | D:13     | Killed a tengu warrior
 15067 | D:13     | Identified the +9 plate armour "Jiamaqi" {+Blink}
 15183 | D:13     | Noticed an entropy weaver
 15188 | D:13     | Noticed a purple ugly thing
 15188 | D:13     | Reached *** piety under the Shining One
 15191 | D:13     | an entropy weaver changed into a culicivora
 15193 | D:13     | Noticed a manticore
 15195 | D:13     | a culicivora changed into a manticore
 15195 | D:13     | Noticed a manticore (shapeshifter)
 15198 | D:13     | a manticore changed into a komodo dragon
 15203 | D:13     | Noticed a green ugly thing
 15204 | D:13     | Noticed a centaur warrior
 15214 | D:13     | Noticed a centaur warrior
 15631 | D:13     | Killed a centaur warrior
 16082 | D:11     | Found Cyiden's Magic Scroll Shop.
 16085 | D:11     | Bought a scroll of blinking for 127 gold pieces
 16085 | D:11     | Bought a scroll of teleportation for 51 gold pieces
 16085 | D:11     | Bought a scroll of teleportation for 51 gold pieces
 16413 | D:12     | Reached **** piety under the Shining One
 16414 | D:12     | Reached skill level 1 in Invocations
 16567 | D:12     | Reached XP level 12. HP: 66/66 MP: 24/24
 16572 | D:12     | Found a staircase to the Orcish Mines.
 17181 | D:11     | Found Xunafic's Antique Armour Boutique.
 17277 | D:10     | Noticed a centaur warrior
 17305 | D:10     | Killed a centaur warrior
 17379 | D:10     | Noticed an entropy weaver
 17387 | D:10     | Noticed a boulder beetle
 17404 | D:10     | Killed a boulder beetle
 17423 | D:10     | Killed an entropy weaver
 17424 | D:10     | Reached skill level 11 in Earth Magic
 17885 | D:10     | Identified the staff of fire "Vucw" {Fragile Fly rF+ rCorr
                  | Str+6}
 17886 | D:10     | Identified the +7 quarterstaff of Lilela Pigru {venom, rN+}
 18329 | D:11     | Found Eclall's Weapon Emporium.
 18352 | D:11     | Acquired the ring of Zirunaur {Wiz Contam rC+ Str+3}
 18406 | D:11     | Found Toumuej's Assorted Antiques.
 19055 | D:11     | Noticed a tengu warrior
 19064 | D:11     | Killed a tengu warrior
 20002 | D:13     | Killed a centaur warrior
 20007 | D:13     | Noticed Rupert
 20218 | D:14     | Reached skill level 5 in Fighting
 20237 | D:14     | Reached skill level 10 in Armour
 20499 | D:13     | Reached XP level 13. HP: 72/72 MP: 14/25
 21117 | D:13     | Slain by Rupert

Illustrated notes

Levels and vault maps discovered:
D:1:      dpeg_arrival_houses_and_road, layout_rooms, serial_shops, shop,
          kennysheep_boxes
D:2:      layout_rooms, ebering_ecumenical_altar_webs, amcnicky_mini_pool_small,
          uniq_terence
D:3:      layout_basic
D:4:      layout_layer_cave, nicolae_stop_n_shop_1
D:5:      layout_loops_ring, minmay_temple_entry_tees, grunt_decor_resistance,
          nicolae_sextant, uniq_blork_the_orc, uniq_pikel,
          uniq_crazy_yiuf_cottage
D:6:      layout_gridville, okawaru_gym_becter, serial_shops,
          nicolae_shop_pleasant_corner_grove, serial_undead, serial_undead_f,
          serial_undead_d, serial_undead_c, serial_undead_a, serial_undead_a,
          serial_undead_e, serial_undead_a, uniq_grinder
D:7:      layout_basic, uniq_menkaure
D:8:      layout_loops_ring, minivault_21
D:9:      layout_stronghold, erik_lair_island, enter_bailey_3
D:10:     minmay_shrinking_squares, layout_rooms
D:11:     layout_small_grid, serial_shops, shop_fountains,
          nicolae_take_the_stairs, nicolae_shop_bloodbath_and_beyond,
          nicolae_shop_hallway_stairs
D:12:     layout_cave_pods, erik_orc_1, chequers_serial_rivers_micro_b
D:13:     layout_cave_pods, minmay_starry_boxes, uniq_rupert
D:14:     layout_cave_pods, david_vaults_4, nicolae_uskayaw_suspiria, uniq_agnes
Temple:   roderic_octagonal_lattice_temple

Skill      XL: |  1  2  3  4  5  6  7  8  9 10 11 12 13 |
---------------+----------------------------------------+-----
Earth Magic    | 4 5 6 7 8 9 10 11 | 11.9
Armour         | 1 2 3 4 5 6 8 10 | 10.2
Conjurations   | 1 2 4 5 7 8 |  8.6
Spellcasting   | 3 5 6 7 8 |  8.7
Fighting       | 1 2 3 4 5 |  5.1
Maces & Flails | 1 4 6 7 9 |  9.6
Shields        | 2 3 |  3.8
Invocations    | 1 3 4 |  4.0
Dodging        | |  1.8
Stealth        | |  2.1
Transmutations | |  0.7

Action                     |  1- 3 |  4- 6 |  7- 9 | 10-12 | 13-15 || total
---------------------------+-------+-------+-------+-------+-------++-------
  Melee: Dagger            |    41 |    97 |     9 |       |       ||   147
         Unarmed           |     4 |       |       |       |       ||     4
         Whip              |       |       |   134 |   835 |    10 ||   979
         Punch             |       |       |       |    20 |       ||    20
  Throw: Javelin           |       |       |       |     2 |       ||     2
   Cast: Sandblast         |    21 |    80 |    59 |    38 |     2 ||   200
         Stone Arrow       |       |       |    55 |   174 |    16 ||   245
  Evoke: Wand              |       |       |       |     1 |       ||     1
    Use: Scroll            |       |     5 |    13 |    11 |     2 ||    31
         Potion            |       |       |       |     4 |     2 ||     6
   Stab: Sleeping          |     1 |     1 |       |       |       ||     2
 Armour: Robe              |    17 |    28 |       |       |       ||    45
         Leather armour    |       |    22 |   171 |   173 |       ||   366
         Plate armour      |       |       |       |   792 |    14 ||   806
  Dodge: Dodged            |    31 |    73 |   171 |   431 |     5 ||   711
  Block: Other             |       |       |    23 |   279 |     3 ||   305
         Reflection        |       |       |     1 |    12 |       ||    13
